 Dungeon Crawl Stone Soup version 0.19.1-1-g22dce08 (webtiles) character file.

35 ponk the Sneak (level 3, 0/24 HPs)
             Began as an Octopode Assassin on Jan 15, 2017.
             Slain by a rat (2 damage)
             ... on level 1 of the Dungeon.
             The game lasted 00:02:44 (885 turns).

ponk the Sneak (Octopode Assassin)                   Turns: 885, Time: 00:02:45

Health: 0/24       AC:  1    Str: 10    XL:     3   Next: 35%
Magic:  3/3        EV: 13    Int: 13    God:
Gold:   69         SH:  0    Dex: 14    Spells: 0 memorised, 2 levels left

rFire  . . .     SeeInvis .     a - +2 dagger
rCold  . . .     Gourm    .     (no shield)
rNeg   + . .     Faith    .     (helmet restricted)
rPois  .         Spirit   .     (no amulet)
rElec  .         Reflect  .     e - ring of positive energy
rCorr  .         Harm     .     (no ring)
MR     .....                    (no ring)
Stlth  ++++......               (no ring)
                                (no ring)
                                (no ring)
                                (no ring)
                                (no ring)

@: flying
A: almost no armour, stealthy swim, amphibious, 8 rings, constrict 8, camouflage
1, gelatinous body 1
a: no special abilities


You were on level 1 of the Dungeon.
You were not hungry.

You visited 1 branch of the dungeon, and saw 2 of its levels.

You collected 69 gold pieces.

Inventory:

Hand Weapons
 a - a +2 dagger (weapon)
 b - a +0 blowgun
Missiles
 c - 8 poisoned needles
 d - 2 curare-tipped needles
Jewellery
 e - a ring of positive energy (left tentacle)
Scrolls
 i - a scroll of random uselessness {unknown}
 j - a scroll of teleportation {unknown}
 l - a scroll of immolation {unknown}
Comestibles
 f - a bread ration
 g - 2 chunks of flesh
 h - 2 fruits


   Skills:
 - Level 2.0 Fighting
 - Level 2.0 Short Blades
 - Level 2.0 Throwing
 - Level 1.0 Dodging
 + Level 7.0 Stealth


You had 2 spell levels left.
You didn't know any spells.

Dungeon Overview and Level Annotations

Branches:
Dungeon (2/15)

Altars:

Annotations:
D:2 Robin


Innate Abilities, Weirdness & Mutations

You cannot wear most types of armour.
You are very stealthy in the water. (Stealth+)
You are amphibious.
You can wear up to eight rings at the same time.
You can use your tentacles to constrict eight enemies at once.
Your skin changes colour to match your surroundings (Stealth+).
Your rubbery body absorbs attacks. (AC +1, EV +1)


Message History

a club; a hobgoblin corpse You barely miss the goblin.
Your grab misses the goblin. The goblin closely misses you.
You hit the goblin. Your grab misses the goblin.
The goblin is severely wounded.
The goblin barely misses you. x2
You closely miss the goblin. You grab the goblin.
The goblin is severely wounded.
You constrict the goblin.
You kill the goblin!
Things that are here:
an uncursed dagger; an uncursed hunting sling; 17 stones It was a potion of flight.
You feel very buoyant.
You fly up into the air.
The goblin closely misses you.
A rat comes into view.
The rat barely misses you.
You closely miss the rat. Your grab misses the rat.
The goblin barely misses you. The rat bites you.
You die...

#.## #.# #..(......#....# #.# #.#
#.#.....###.##.# #.# #.#
#.#g##....#....# #.# #.#
#.#g###.....#### #.# #.# #.#g#
#...#.###### #.######.#####.#.#
#..........# ......)........#g#
#..#######.# ..####.#########g#
#..# #.# ..####.#########@# #..#
#.# ................r# #..# #.#
.#####.#####.##### #..# #.# .#
#.#####.#######.## #.#
.#####.............#.# #.#
.....................# #.#
##################.#.# #.###
#############################....
.##........................######


You could see a hobgoblin, 4 goblins and a rat.

Vanquished Creatures
  A dart slug (D:1)
  A leopard gecko (D:1)
  2 giant cockroaches (D:1)
  5 goblins
  9 hobgoblins
  A bat (D:1)
  4 frilled lizards (D:1)
  3 kobolds (D:1)
  3 rats (D:1)
29 creatures vanquished.

Notes
Turn   | Place    | Note
-------+----------+-------------------------------------------
     0 | D:1      | ponk the Octopode Assassin began the quest for the Orb.
     0 | D:1      | Reached XP level 1. HP: 14/14 MP: 1/1
   100 | D:1      | Reached XP level 2. HP: 18/19 MP: 2/2
   110 | D:1      | Reached skill level 6 in Stealth
   491 | D:1      | Reached XP level 3. HP: 19/24 MP: 3/3
   865 | D:2      | Noticed Robin
   874 | D:1      | Reached skill level 7 in Stealth
   874 | D:1      | HP: 1/24 [hobgoblin[Robin] (2)]
   885 | D:1      | Slain by a rat

Skill      XL: |  1  2  3 |
---------------+----------+-----
Stealth        | 6 7 |  7.0
Fighting       | |  2.0
Short Blades   | |  2.0
Throwing       | |  2.0
Dodging        | |  1.0

Action                   || total
-------------------------++-------
Melee: Dagger            ||    50
       Constrict         ||    17
       Tentacles         ||     9
  Use: Potion            ||     1
 Stab: Sleeping          ||     9
       Distracted        ||     1
Armor: Skin              ||     5
Dodge: Dodged            ||    43
